 Dungeon Crawl Stone Soup version 0.29-a0-43-g62a80824bf (webtiles) character file.

Game seed: 5069036520491113978

102 esteth the Chiller (level 4, -3/30 HPs)
             Began as a Merfolk Ice Elementalist on Feb 2, 2022.
             Killed from afar by Sigmund (8 damage)
             ... with a magic dart
             ... on level 2 of the Dungeon.
             The game lasted 00:03:27 (1847 turns).

esteth the Chiller (Merfolk Ice Elementalist)       Turns: 1847, Time: 00:03:28

Health: -3/30      AC:  3    Str:  8    XL:     4   Next: 78%
Magic:  5/8        EV: 13    Int: 16    God:
Gold:   77         SH:  0    Dex: 14    Spells: 5/9 levels left

rFire   . . .      SeeInvis .   b - +2 short sword (speed)
rCold   . . .      Faith    .   (no shield)
rNeg    . . .      Spirit   .   a - +0 robe
rPois   .          Reflect  .   (no helmet)
rElec   .          Harm     .   c - +0 cloak
rCorr   .          Rampage  .   (no gloves)
Will    .....                   (no boots)
Stlth   +.........              (no amulet)
HPRegen 0.10/turn               (no ring)
MPRegen 0.11/turn               (no ring)

@: confused, flying
A: (nimble swimmer 2), mertail
a: no special abilities


You were on level 2 of the Dungeon.
You visited 1 branch of the dungeon, and saw 2 of its levels.

You collected 77 gold pieces.

Inventory:

Hand Weapons
 b - a +2 short sword of speed (weapon)
Armour
 a - a +0 robe (worn)
 c - a +0 cloak (worn)
Scrolls
 d - a scroll of fear {unknown}
 f - a scroll of holy word {unknown}
 g - a scroll of immolation {unknown}
Potions
 e - 2 potions of flight


   Skills:
 + Level 4.2 Dodging
 - Level 2.2 Stealth
 + Level 3.0 Spellcasting
 + Level 5.2 Ice Magic


You had 5 spell levels left.
You knew the following spells:

 Your Spells              Type           Power      Damage    Failure   Level
a - Freeze                Ice            76%        1d9       2%          1
b - Frozen Ramparts       Ice            38%        1d5       7%          3

Your spell library contained the following spells:

 Spells                   Type           Power      Damage    Failure   Level
 Ozocubu's Armour         Ice            19%        N/A       7%          3
 Foxfire                  Conj/Fire      8%         2x1d4     19%         1
 Conjure Flame            Conj/Fire      2%         6-21      50%         3
 Inner Flame              Hex/Fire       2%         N/A       50%         3
 Hailstorm                Conj/Ice       10%        3d5       54%         4
 Flame Wave               Conj/Fire      2%         2d4       88%         4


Dungeon Overview and Level Annotations

Branches:
Dungeon (2/15)

Altars:

Annotations:
D:2 Sigmund


Innate Abilities, Weirdness & Mutations

((You are very nimble when in or above water. (Stealth+, EV+, Speed+++)))
Your lower body shifts to a powerful aquatic tail in water.


Message History

Sigmund says, "I'm your fate." Sigmund barely misses you.
Your frozen ramparts will break if you move.
Continue?
Okay, then.
The wall freezes Sigmund.
Sigmund barely misses you.
The wall freezes Sigmund.
Sigmund mumbles some strange words.
Sigmund flickers and vanishes!
Deactivating autopickup; reactivate with Ctrl-A.
The wall freezes something.
You hear some strange, mumbled words.
Something tries to affect you, but you resist.
The wall freezes something.
Something hits you!
Your frozen ramparts will break if you move.
Continue? [Y]es or [N]o only, please.
Your frozen ramparts will break if you move.
Continue?
The frozen ramparts melt away as you move.
A puff of flame appears from out of thin air!
The puff of flame hits you.
You see here 19 stones.
You see here 19 stones.
Something barely misses you.
You see here 19 stones.
You hear some strange, mumbled words.
You are confused.
You bump into the rock wall.
You bump into the rock wall.
You hear some strange, mumbled words.
You are more confused.
You're too confused to move!
Something hits you!
* * * LOW HITPOINT WARNING * * *
It was a potion of flight.
You feel very buoyant.
You fly up into the air.
You bump into the rock wall.
Something hits you.
* * * LOW HITPOINT WARNING * * *
You're too confused to move!
A magic dart appears from out of thin air!
The magic dart hits you!
You die...

#........................_.
#.##....#########...)###§§§
#.##....#########....###.§#
#.##.......................
#.##.......................
#.##.....######............
#.######......<............
#.#############.......(....
#.........@.{..............
##############......######†
#.###### ## #.# # #.# #...
#†# #.## #.# #. #.# #.##
#.# #...


There were no monsters in sight!

Vanquished Creatures
  An orc wizard (D:2)
  4 adders (D:2)
  2 worms (D:2)
  2 dart slugs
  2 orcs
  6 bats
  3 endoplasms
  3 giant cockroaches
  A goblin (D:1)
  A hobgoblin (D:1)
  A quokka (D:1)
  4 kobolds
  3 rats
33 creatures vanquished.

Notes
Turn   | Place    | Note
-------+----------+-------------------------------------------
     0 | D:1      | esteth the Merfolk Ice Elementalist began the quest for the
                  | Orb.
     0 | D:1      | Reached XP level 1. HP: 13/13 MP: 3/3
   350 | D:1      | Reached XP level 2. HP: 18/19 MP: 1/5
   838 | D:2      | Reached XP level 3. HP: 23/24 MP: 3/6
   877 | D:2      | Learned a level 3 spell: Frozen Ramparts
  1192 | D:2      | Reached skill level 5 in Ice Magic
  1192 | D:2      | Reached XP level 4. HP: 13/30 MP: 3/8
  1540 | D:2      | Found a faded altar of an unknown god.
  1809 | D:2      | Noticed Sigmund
  1847 | D:2      | Killed from afar by Sigmund

Illustrated notes

Levels and vault maps discovered:
D:1:      ebering_hopf_link, layout_loops_ring
D:2:      layout_basic, ebering_ecumenical_altar_mist, serial_rivers,
          chequers_serial_rivers_micro_e, chequers_serial_rivers_micro_d,
          chequers_serial_rivers_micro_d, chequers_serial_rivers_micro_d,
          chequers_serial_rivers_micro_d, kennysheep_generic_room_11,
          uniq_sigmund

Skill      XL: |  1  2  3  4 |
---------------+-------------+-----
Dodging        | 3 4 |  4.2
Ice Magic      | 5 |  5.2
Spellcasting   | 3 |  3.0
Stealth        | |  2.2

Action                   |  1- 3 |  4- 6 || total
-------------------------+-------+-------++-------
Melee: Short sword       |    52 |    28 ||    80
 Cast: Freeze            |    10 |    10 ||    20
       Frozen Ramparts   |       |     1 ||     1
  Use: Potion            |       |     1 ||     1
 Stab: Sleeping          |     4 |     1 ||     5
Armor: Robe              |     9 |     7 ||    16
Dodge: Dodged            |    39 |    17 ||    56

Table legend: (Time is in decaauts)
 A = Elapsed time spent in this place.
 B = Non-inter-level travel time spent in this place.
 C = Inter-level travel time spent in this place.
 D = Time resting spent in this place.
 E = Time spent auto-exploring this place.
 F = Levels seen in this place.
 G = Mean time per level.
                   A        B        C        D        E       F      G
               +--------+--------+--------+--------+--------+-----+--------+
         Total |   1823 |   1793 |     30 |    219 |   1304 |   2 |  911.5 |
       Dungeon |   1823 |   1793 |     30 |    219 |   1304 |   2 |  911.5 |
               +--------+--------+--------+--------+--------+-----+--------+

Top non-repeatable levels by time:
     D:1: 1041 daAuts
     D:2: 782 daAuts
